HSSL
SANTA FE HS CHIEFS @ COWETA HS TIGERS
04/24/2023
 
TOP OF THE 1ST
Santa Fe HS Chiefs batting - Pitching for Coweta HS Tigers : RHP Eddie Connors
Pitching: RHP Eddie Connors
Batting: SHB Tony Yan 0-0: Ball
1-0: Fly out, F6 (Popup, 5DF)
Batting: LHB Bob Jones 0-0: Ball
1-0: Called Strike
1-1: Swinging Strike
1-2: Ball
2-2: Ball
3-2: SINGLE (Flyball, 8RS)
Batting: RHB Jeff Bane 0-0: Called Strike
0-1: Ball
1-1: Ball
2-1: Reached on Error, E8 (Flyball, 8RM)
Bob Jones to second
Batting: LHB Corey MacGregor 0-0: Ball
1-0: Called Strike
1-1: DOUBLE (Flyball, 78XD)
Bob Jones scores
Jeff Bane to third
Batting: SHB Oliver Riley 0-0: Ball
1-0: Called Strike
1-1: Swinging Strike
1-2: Ball
2-2: Ball
3-2: Base on Balls
Batting: SHB Walton Locke 0-0: Ball
1-0: Called Strike
1-1: Ball
2-1: Ball
3-1: Called Strike
3-2: Strikes out swinging
Batting: SHB Ernest Hood 0-0: Swinging Strike
0-1: Called Strike
0-2: Ball
1-2: Foul Ball, location: 2F
1-2: Strikes out swinging
Top of the 1st over - 1 run(s), 2 hit(s), 1 error(s), 3 left on base; Santa Fe HS 1 - Coweta HS 0
BOTTOM OF THE 1ST
Coweta HS Tigers batting - Pitching for Santa Fe HS Chiefs : RHP Sam Bryant
Pitching: RHP Sam Bryant
Batting: RHB Matt Vargas 0-0: Fly out, F9 (Line Drive, 9M)
Batting: LHB Jim Clemente 0-0: Swinging Strike
0-1: Ball
1-1: Ball
2-1: Fly out, F8 (Flyball, 8LM)
Batting: RHB José Cisneros 0-0: Ball
1-0: Called Strike
1-1: Ball
2-1: Called Strike
2-2: Foul Ball, location: 2F
2-2: Strikes out swinging
Bottom of the 1st over - 0 run(s), 0 hit(s), 0 error(s), 0 left on base; Santa Fe HS 1 - Coweta HS 0
TOP OF THE 2ND
Santa Fe HS Chiefs batting - Pitching for Coweta HS Tigers : RHP Eddie Connors
Batting: RHB Patrick Love 0-0: Foul Ball, location: 2F
0-1: Ball
1-1: Ball
2-1: Ground out 6-3 (Groundball, 6M)
Batting: RHB Stan Murray 0-0: Called Strike
0-1: Ball
1-1: Ball
2-1: Ball
3-1: Swinging Strike
3-2: Strikes out swinging
Batting: SHB Tony Yan 0-0: Ball
1-0: SINGLE (Groundball, 56)
Batting: LHB Bob Jones 0-0: Called Strike
Tony Yan steals 2nd base
0-1: Ground out 3-1 (Groundball, 34)
Top of the 2nd over - 0 run(s), 1 hit(s), 0 error(s), 1 left on base; Santa Fe HS 1 - Coweta HS 0
BOTTOM OF THE 2ND
Coweta HS Tigers batting - Pitching for Santa Fe HS Chiefs : RHP Sam Bryant
Batting: RHB Pat Fernández 0-0: Ball
1-0: Ground out 6-3 (Groundball, 6)
Batting: RHB Héctor Vázquez 0-0: Called Strike
0-1: SINGLE (Line Drive, 34D)
Batting: RHB Ramiro Javier 0-0: Called Strike
0-1: Ball
1-1: Swinging Strike
1-2: Strikes out swinging
Batting: RHB Jon Waller 0-0: Ball
1-0: Ball
2-0: Ball
3-0: Called Strike
3-1: Foul Ball, location: 2F
3-2: Base on Balls
Héctor Vázquez to second
Batting: RHB Ed Hamilton 0-0: Ball
1-0: Called Strike
1-1: Fly out, F4 (Popup, 34)
Bottom of the 2nd over - 0 run(s), 1 hit(s), 0 error(s), 2 left on base; Santa Fe HS 1 - Coweta HS 0
TOP OF THE 3RD
Santa Fe HS Chiefs batting - Pitching for Coweta HS Tigers : RHP Eddie Connors
Batting: RHB Jeff Bane 0-0: Ground out 3-1 (Groundball, 34)
Batting: LHB Corey MacGregor 0-0: Ball
1-0: Ball
2-0: Swinging Strike
2-1: Ball
3-1: Base on Balls
Batting: SHB Oliver Riley 0-0: Ball
1-0: Ground out 5-3 (Groundball, 56S)
Corey MacGregor to second
Batting: SHB Walton Locke 0-0: Called Strike
0-1: Swinging Strike
0-2: Strikes out swinging
Top of the 3rd over - 0 run(s), 0 hit(s), 0 error(s), 1 left on base; Santa Fe HS 1 - Coweta HS 0
BOTTOM OF THE 3RD
Coweta HS Tigers batting - Pitching for Santa Fe HS Chiefs : RHP Sam Bryant
Batting: RHB Joe LaFontaine 0-0: Fly out, F5 (Popup, 5F)
Batting: RHB Matt Vargas 0-0: Foul Ball, location: 2F
0-1: Swinging Strike
0-2: Ball
1-2: Ball
2-2: Strikes out swinging
Batting: LHB Jim Clemente 0-0: Called Strike
0-1: Foul Ball, location: 2F
0-2: Ball
1-2: SINGLE (Flyball, 6D)
Batting: RHB José Cisneros 0-0: Ball
Jim Clemente is caught stealing 2nd base
Bottom of the 3rd over - 0 run(s), 1 hit(s), 0 error(s), 0 left on base; Santa Fe HS 1 - Coweta HS 0
TOP OF THE 4TH
Santa Fe HS Chiefs batting - Pitching for Coweta HS Tigers : RHP Eddie Connors
Batting: SHB Ernest Hood 0-0: Ground out 5-3 (Groundball, 5)
Batting: RHB Patrick Love 0-0: Foul Ball, location: 2F
0-1: Ball
1-1: Ball
2-1: Foul Ball, location: 2F
2-2: Foul Ball, location: 2F
2-2: Foul Ball, location: 2F
2-2: Foul Ball, location: 2F
2-2: Foul Ball, location: 2F
2-2: Ball
3-2: Strikes out swinging
Batting: RHB Stan Murray 0-0: Called Strike
0-1: Ball
1-1: Foul Ball, location: 2F
1-2: Ball
2-2: Ball
3-2: Fly out, F5 (Popup, 5F)
Top of the 4th over - 0 run(s), 0 hit(s), 0 error(s), 0 left on base; Santa Fe HS 1 - Coweta HS 0
BOTTOM OF THE 4TH
Coweta HS Tigers batting - Pitching for Santa Fe HS Chiefs : RHP Sam Bryant
Batting: RHB José Cisneros 0-0: Fly out, F4 (Popup, 8RS)
Batting: RHB Pat Fernández 0-0: Ball
1-0: Swinging Strike
1-1: Foul Ball, location: 2F
1-2: Strikes out swinging
Batting: RHB Héctor Vázquez 0-0: SINGLE (Line Drive, 78S)
Batting: RHB Ramiro Javier 0-0: Swinging Strike
0-1: Ball
1-1: Foul Ball, location: 2F
1-2: Ball
2-2: Ball
3-2: Foul Ball, location: 2F
3-2: Foul Ball, location: 2F
Pickoff Throw to First - Out!
Bottom of the 4th over - 0 run(s), 1 hit(s), 0 error(s), 0 left on base; Santa Fe HS 1 - Coweta HS 0
TOP OF THE 5TH
Santa Fe HS Chiefs batting - Pitching for Coweta HS Tigers : RHP Eddie Connors
Batting: SHB Tony Yan 0-0: Ball
1-0: Ball
2-0: Ball
3-0: Base on Balls
Batting: LHB Bob Jones 0-0: Called Strike
Tony Yan steals 2nd base
0-1: Called Strike
0-2: SINGLE (Groundball, 34S)
Tony Yan to third
Runner from 3rd tries for Home, SAFE, no throw or cutoff
Pitching: RHP Billy Davis
Batting: RHB Jeff Bane 0-0: Ball
1-0: Called Strike
1-1: Ball
2-1: Ball
3-1: Foul Ball, location: 2F
3-2: Fly out, F8 (Flyball, 8RM)
Batting: LHB Corey MacGregor 0-0: Foul Ball, location: 2F
0-1: Ball
1-1: SINGLE (Groundball, 6M)
Bob Jones to second
Batting: SHB Oliver Riley 0-0: Foul Ball, location: 2F
0-1: Ball
1-1: Ball
2-1: 3-RUN HOME RUN (Flyball, 89XD), Distance : 436 ft
Batting: SHB Walton Locke 0-0: Fly out, F7 (Flyball, 78M)
Batting: SHB Ernest Hood 0-0: Called Strike
0-1: Ground out 6-3 (Groundball, 6)
Top of the 5th over - 4 run(s), 3 hit(s), 0 error(s), 0 left on base; Santa Fe HS 5 - Coweta HS 0
BOTTOM OF THE 5TH
Coweta HS Tigers batting - Pitching for Santa Fe HS Chiefs : RHP Sam Bryant
Batting: RHB Ramiro Javier 0-0: Ground out 6-3 (Groundball, 6)
Batting: RHB Jon Waller 0-0: Ball
1-0: Ball
2-0: SINGLE (Groundball, 6MD)
Batting: RHB Ed Hamilton 0-0: Called Strike
0-1: Swinging Strike
0-2: Strikes out swinging
Throwing error on steal attempt, E2
Jon Waller to third
Batting: RHB Joe LaFontaine 0-0: Called Strike
0-1: Swinging Strike
0-2: Foul Ball, location: 2F
0-2: Ball
1-2: Strikes out swinging
Bottom of the 5th over - 0 run(s), 1 hit(s), 1 error(s), 1 left on base; Santa Fe HS 5 - Coweta HS 0
TOP OF THE 6TH
Santa Fe HS Chiefs batting - Pitching for Coweta HS Tigers : RHP Billy Davis
Batting: RHB Patrick Love 0-0: Ball
1-0: Foul Ball, location: 2F
1-1: Swinging Strike
1-2: Ball
2-2: Ball
3-2: Foul Ball, location: 2F
3-2: Base on Balls
Batting: RHB Stan Murray 0-0: Called Strike
Patrick Love is caught stealing 2nd base
0-1: Ball
1-1: Swinging Strike
1-2: Strikes out swinging
Batting: SHB Tony Yan 0-0: Called Strike
0-1: Foul Ball, location: 2F
0-2: Foul Ball, location: 2F
0-2: Reached on error, E4 (Groundball, 4)
Batting: LHB Bob Jones 0-0: 2-RUN HOME RUN (Flyball, 8LD), Distance : 441 ft
Batting: RHB Jeff Bane 0-0: Ground out 4-3 (Groundball, 4)
Top of the 6th over - 2 run(s), 1 hit(s), 1 error(s), 0 left on base; Santa Fe HS 7 - Coweta HS 0
BOTTOM OF THE 6TH
Coweta HS Tigers batting - Pitching for Santa Fe HS Chiefs : RHP Sam Bryant
Batting: RHB Matt Vargas 0-0: Fly out, F8 (Flyball, 8RM)
Batting: LHB Jim Clemente 0-0: Ball
1-0: Called Strike
1-1: Fly out, F9 (Flyball, 89M)
Batting: RHB José Cisneros 0-0: Called Strike
0-1: Foul Ball, location: 2F
0-2: Ball
1-2: Strikes out looking
Bottom of the 6th over - 0 run(s), 0 hit(s), 0 error(s), 0 left on base; Santa Fe HS 7 - Coweta HS 0
TOP OF THE 7TH
Santa Fe HS Chiefs batting - Pitching for Coweta HS Tigers : RHP Billy Davis
Pitching: RHP Shane Burt
Batting: LHB Corey MacGregor 0-0: Ball
1-0: Called Strike
1-1: Called Strike
1-2: SOLO HOME RUN (Line Drive, 89XD), Distance : 415 ft
Batting: SHB Oliver Riley 0-0: Called Strike
0-1: Ball
1-1: Foul Ball, location: 2F
1-2: Ball
2-2: Foul Ball, location: 2F
2-2: Strikes out swinging
Batting: SHB Walton Locke 0-0: Called Strike
0-1: Foul Ball, location: 2F
0-2: Foul Ball, location: 2F
0-2: Ball
1-2: Strikes out swinging
Batting: SHB Ernest Hood 0-0: Fly out, F8 (Flyball, 8LM)
Top of the 7th over - 1 run(s), 1 hit(s), 0 error(s), 0 left on base; Santa Fe HS 8 - Coweta HS 0
BOTTOM OF THE 7TH
Coweta HS Tigers batting - Pitching for Santa Fe HS Chiefs : RHP Sam Bryant
Batting: RHB Pat Fernández 0-0: Foul Ball, location: 2F
0-1: Ball
1-1: Ball
2-1: Ball
3-1: Swinging Strike
3-2: SINGLE (Groundball, 56D)
Batting: RHB Héctor Vázquez 0-0: Ball
1-0: Ball
2-0: SINGLE (Groundball, 23) (infield hit)
Pat Fernández to second
Pitching: RHP Jerry Catron
Batting: RHB Ramiro Javier 0-0: Called Strike
0-1: Foul Ball, location: 2F
0-2: Strikes out swinging
Batting: RHB Jon Waller 0-0: Fielders Choice at 2nd, 1-6 (Groundball, 13S)
Pat Fernández to third
Batting: RHB Ed Hamilton 0-0: Swinging Strike
0-1: Foul Ball, location: 2F
0-2: Foul Ball, location: 2F
0-2: Foul Ball, location: 2F
0-2: Ball
1-2: Foul Ball, location: 2F
1-2: Ball
2-2: Foul Ball, location: 2F
2-2: Strikes out swinging
Bottom of the 7th over - 0 run(s), 2 hit(s), 0 error(s), 2 left on base; Santa Fe HS 8 - Coweta HS 0
TOP OF THE 8TH
Santa Fe HS Chiefs batting - Pitching for Coweta HS Tigers : RHP Shane Burt
Batting: RHB Patrick Love 0-0: Swinging Strike
0-1: Foul Ball, location: 2F
0-2: Strikes out swinging
Batting: RHB Stan Murray 0-0: Fly out, F7 (Flyball, 78M)
Batting: SHB Tony Yan 0-0: Swinging Strike
0-1: Ball
1-1: Ball
2-1: Called Strike
2-2: Ball
3-2: Foul Ball, location: 2F
3-2: Base on Balls
Batting: LHB Bob Jones 0-0: Ball
1-0: Ball
2-0: Ball
3-0: Base on Balls
Tony Yan to second
Batting: RHB Jeff Bane 0-0: Ball
Wild Pitch!
Tony Yan to third
Bob Jones to second
1-0: Swinging Strike
1-1: Ball
2-1: Ball
3-1: Foul Ball, location: 2F
Single, Error in OF, E9, batter to second base
Tony Yan scores
Bob Jones scores
Batting: LHB Corey MacGregor 0-0: Called Strike
0-1: Ground out 2-3 (Groundball, 2R)
Top of the 8th over - 2 run(s), 1 hit(s), 1 error(s), 1 left on base; Santa Fe HS 10 - Coweta HS 0
BOTTOM OF THE 8TH
Coweta HS Tigers batting - Pitching for Santa Fe HS Chiefs : RHP Jerry Catron
Batting: RHB Joe LaFontaine 0-0: Foul Ball, location: 2F
0-1: Ball
1-1: Ball
2-1: SINGLE (Line Drive, 56D)
Batting: RHB Matt Vargas 0-0: Called Strike
0-1: Grounds into double play, 6-4-3 (Groundball, 6)
Batting: LHB Jim Clemente 0-0: Called Strike
0-1: Ball
1-1: Called Strike
1-2: Strikes out swinging
Bottom of the 8th over - 0 run(s), 1 hit(s), 0 error(s), 0 left on base; Santa Fe HS 10 - Coweta HS 0
TOP OF THE 9TH
Santa Fe HS Chiefs batting - Pitching for Coweta HS Tigers : RHP Shane Burt
Batting: SHB Oliver Riley 0-0: Called Strike
0-1: Ball
1-1: Ball
2-1: Ball
3-1: Base on Balls
Batting: SHB Walton Locke 0-0: Bunted foul
0-1: Ball
Oliver Riley is caught stealing 2nd base
1-1: Ball
2-1: Ball
3-1: Base on Balls
Batting: SHB Ernest Hood 0-0: SINGLE (Line Drive, 6MD)
Walton Locke to second
Batting: RHB Patrick Love 0-0: Called Strike
0-1: Ball
1-1: Swinging Strike
1-2: Foul Ball, location: 2F
1-2: Hit by Pitch
Walton Locke to third
Ernest Hood to second
Pitching: LHP Will Merritt
Pinch Runner at 1st Enrico Davis:
Batting: RHB Stan Murray 0-0: Foul Ball, location: 2F
0-1: Foul Ball, location: 2F
0-2: Ball
1-2: Ball
Wild Pitch!
Walton Locke scores
Ernest Hood to third
Enrico Davis to second
2-2: Ball
3-2: Base on Balls
Batting: SHB Tony Yan 0-0: Ball
1-0: Ball
2-0: Foul Ball, location: 2F
2-1: Ball
3-1: Foul Ball, location: 2F
3-2: Foul Ball, location: 2F
3-2: Foul Ball, location: 2F
3-2: Foul Ball, location: 2F
3-2: Base on Balls
Ernest Hood scores
Enrico Davis to third
Stan Murray to second
Batting: LHB Bob Jones 0-0: SINGLE (Line Drive, 34D)
Enrico Davis scores
Stan Murray to third
Tony Yan to second
Runner from 3rd tries for Home, SAFE, throw made home
Tony Yan to third
Bob Jones to second
Batting: RHB Jeff Bane 0-0: Ball
1-0: Ball
2-0: Called Strike
2-1: Foul Ball, location: 2F
2-2: Strikes out swinging
Batting: LHB Corey MacGregor 0-0: Swinging Strike
0-1: Ball
1-1: Foul Ball, location: 2F
1-2: Ball
2-2: Ball
3-2: Base on Balls
Batting: SHB Oliver Riley 0-0: Called Strike
0-1: Ball
1-1: Ball
2-1: Ball
3-1: SINGLE (Groundball, 6D)
Tony Yan scores
Bob Jones to third
Corey MacGregor to second
Runner from 3rd tries for Home, SAFE, no throw or cutoff
Batting: SHB Walton Locke 0-0: Swinging Strike
0-1: Ball
1-1: Called Strike
1-2: Foul Ball, location: 2F
1-2: SINGLE (Groundball, 6MD)
Corey MacGregor to third
Oliver Riley to second
Runner from 3rd tries for Home, SAFE, no throw or cutoff
Batting: SHB Ernest Hood 0-0: Fly out, F3 (Popup, 34S)
Top of the 9th over - 7 run(s), 4 hit(s), 0 error(s), 2 left on base; Santa Fe HS 17 - Coweta HS 0
BOTTOM OF THE 9TH
Coweta HS Tigers batting - Pitching for Santa Fe HS Chiefs : RHP Jerry Catron
Batting: RHB José Cisneros 0-0: Called Strike
0-1: Called Strike
0-2: Ball
1-2: Foul Ball, location: 2F
1-2: Strikes out looking
Batting: RHB Pat Fernández 0-0: SOLO HOME RUN (Flyball, 78XD), Distance : 423 ft
Batting: RHB Héctor Vázquez 0-0: Ball
1-0: Ball
2-0: Fly out, F9 (Line Drive, 3D)
Batting: RHB Ramiro Javier 0-0: Ball
1-0: Ball
2-0: Ball
3-0: Base on Balls
Pinch Hitting: RHB Ben Johnson 0-0: Reached on error, E5 (Groundball, 5)
Ramiro Javier to second
Batting: RHB Ed Hamilton 0-0: Called Strike
0-1: Ball
1-1: Ball
2-1: Fly out, F9 (Flyball, 9S)
Bottom of the 9th over - 1 run(s), 1 hit(s), 1 error(s), 2 left on base; Santa Fe HS 17 - Coweta HS 1
This league is powered by Out of the Park Baseball, the baseball management simulation game for PC, Mac and Linux
Wednesday, December 2nd, 2015 - OOTP Baseball 16.8 Build 38